Map: Abyssal Reef LE

Players

PtitDrogo - Winner!

  • Race: Protoss Protoss
  • Spawn Location: 5:00

Neeb

  • Race: Protoss Protoss
  • Spawn Location: 11:00

Event: WCS Jonkoping 2017

VOD

Have the link to the VOD?

Description

Time

  • Played on: June 17, 2017, 2:33 p.m.
  • Length: 17:34

All games in this series

Show
View Real Time Build Order
Export as new Build Order

PtitDrogo Protoss - Winner!

Build Orders:  

Get SALT Encoding   

  12  0:01  Probe (Chrono Boost)  
  13  0:11  Probe (Chrono Boost)  
  14  0:17  Pylon  
  14  0:22  Probe (Chrono Boost)  
  15  0:35  Probe (Chrono Boost)  
  16  0:36  Gateway  
  16  0:41  Assimilator  
  16  0:46  Probe (Chrono Boost)  
  17  0:50  Assimilator  
  17  0:56  Probe (Chrono Boost)  
  18  1:04  Gateway  
  18  1:07  Probe (Chrono Boost)  
  19  1:17  Probe (Chrono Boost)  
  20  1:23  Cybernetics Core  
  20  1:28  Probe (Chrono Boost)  
  20  1:30  Pylon  
  21  1:38  Probe (Chrono Boost)  
  22  1:49  Probe (Chrono Boost)  
  23  2:00  Mothership Core (Chrono Boost), Warp Gate (Chrono Boost)  
  25  2:03  Adept x2  
  29  2:10  Pylon  
  29  2:29  Probe  
  30  2:30  Stalker x2  
  34  2:53  Nexus  
  34  2:57  Probe  
  35  3:00  Sentry  
  37  3:12  Robotics Facility  
  37  3:14  Probe  
  38  3:21  Pylon  
  38  3:26  Probe  
  39  3:38  Probe  
  38  3:51  Probe  
  39  3:58  Sentry  
  39  3:59  Adept  
  39  4:02  Observer  
  44  4:03  Probe x2  
  46  4:14  Probe  
  46  4:15  Probe  
  48  4:20  Twilight Council  
  48  4:26  Probe (Chrono Boost)  
  48  4:27  Probe (Chrono Boost)  
  50  4:37  Probe (Chrono Boost)  
  50  4:38  Pylon, Probe (Chrono Boost)  
  56  4:47  Probe (Chrono Boost)  
  56  4:48  Probe (Chrono Boost)  
  58  4:56  Nexus  
  58  4:57  Probe (Chrono Boost)  
  58  4:59  Pylon, Probe (Chrono Boost)  
  54  5:01  Stalker  
  54  5:02  Blink (Chrono Boost), Stalker  
  54  5:06  Probe  
  58  5:09  Pylon  
  58  5:10  Probe  
  58  5:17  Probe, Assimilator  
  58  5:21  Assimilator  
  59  5:22  Probe  
  59  5:27  Forge, Probe  
  60  5:31  Stalker  
  60  5:34  Probe  
  64  5:36  Stalker  
  64  5:38  Probe  
  66  5:46  Probe  
  66  5:49  Probe  
  66  5:54  Protoss Ground Weapons Level 1 (Chrono Boost)  
  67  5:58  Probe  
  67  6:00  Probe  
  67  6:01  Immortal  
  73  6:09  Stalker  
  73  6:10  Probe  
  76  6:11  Probe  
  76  6:12  Probe  
  76  6:15  Stalker  
  80  6:22  Probe  
  80  6:23  Probe  
  80  6:25  Probe  
  83  6:32  Probe  
  83  6:33  Gateway x2  
  83  6:34  Gateway  
  83  6:35  Probe  
  83  6:37  Probe  
  83  6:39  Gateway  
  86  6:44  Probe  
  86  6:46  Immortal (Chrono Boost)  
  91  6:47  Probe  
  91  6:49  Gateway  
  91  6:52  Templar Archives  
  91  6:53  Sentry  
  93  7:06  Probe  
  93  7:07  Probe x2  
  94  7:10  Assimilator  
  94  7:18  Probe  
  94  7:19  Probe x2  
  94  7:20  Stalker, Pylon  
  94  7:21  Stalker  
  101  7:32  Robotics Facility  
  101  7:33  Assimilator  
  101  7:36  Pylon  
  101  7:38  Stargate, Probe x3, Pylon  
  101  7:43  Immortal (Chrono Boost)  
  108  7:50  Probe  
  109  7:54  Charge, Probe x2  
  109  7:57  Gateway  
  111  8:01  Nexus  
  111  8:04  Pylon  
  111  8:17  Photon Cannon  
  111  8:20  Immortal (Chrono Boost)  
  111  8:21  Protoss Ground Weapons Level 2  
  111  8:24  Pylon  
  111  8:26  Immortal (Chrono Boost)  
  119  8:27  Pylon  
  119  8:32  Phoenix (Chrono Boost)  
  119  8:33  Stargate, Pylon  
  121  8:38  Pylon  
  121  8:41  Probe  
  122  8:54  Pylon  
  126  8:56  Immortal (Chrono Boost), Pylon  
  126  8:58  Photon Cannon  
  126  8:59  Photon Cannon  
  126  9:09  Observer (Chrono Boost)  
  127  9:15  Probe, Assimilator  
  127  9:16  Phoenix x2, Assimilator  
  132  9:19  Probe  
  132  9:23  Probe  
  134  9:24  Photon Cannon  
  134  9:26  Fleet Beacon  
  134  9:29  Photon Cannon  
  134  9:36  Immortal (Chrono Boost)  
  138  9:45  Phoenix x2  
  142  9:54  High Templar x3  
  142  9:55  High Templar  
  150  10:00  Pylon  
  150  10:03  Pylon, Archon x2  
  150  10:07  Zealot x4  
  150  10:10  Phoenix x2  
  166  10:35  Probe  
  166  10:36  Carrier (Chrono Boost)  
  166  10:37  Carrier (Chrono Boost)  
  166  10:41  Zealot  
  166  10:42  Stargate  
  185  10:43  Immortal (Chrono Boost)  
  185  10:46  Pylon  
  185  10:51  Protoss Ground Weapons Level 3  
  185  10:55  Graviton Catapult  
  185  10:59  Protoss Air Weapons Level 1 (Chrono Boost)  
  185  11:02  Pylon, Nexus  
  183  11:20  Photon Cannon  
  183  11:22  Photon Cannon  
  183  11:24  Assimilator  
  183  11:27  Assimilator  
  183  11:31  Probe  
  190  11:35  Carrier (Chrono Boost)  
  190  11:37  Probe  
  190  11:38  Probe x2, Cybernetics Core  
  193  11:41  Photon Cannon, Forge  
  193  11:43  Photon Cannon  
  193  11:48  Carrier (Chrono Boost)  
  193  11:50  Probe, Pylon  
  196  12:27  Carrier  
  200  12:32  Stargate x2  
  200  12:34  Stargate  
  196  12:41  Protoss Air Armor Level 1 (Chrono Boost)  
  188  12:53  Oracle  
  188  12:56  Protoss Air Weapons Level 2 (Chrono Boost)  
  189  13:04  Oracle  
  179  13:06  Zealot x8  
  177  13:29  Oracle  
  177  13:33  Carrier  
  160  13:36  Stalker x2  
  160  13:37  Stalker x6  
  157  13:52  Carrier  
  162  13:56  Carrier  
  162  13:57  Carrier  
  162  13:59  Carrier  
  162  14:01  High Templar  
  176  14:10  Protoss Air Armor Level 2 (Chrono Boost)  
  176  14:14  Stalker  
  175  14:26  Protoss Shields Level 1 (Chrono Boost)  
  175  14:31  High Templar  
  175  14:36  Archon  
  177  14:48  Carrier  
  181  14:54  Protoss Air Weapons Level 3, Observer  
  181  14:55  Observer  
  181  14:59  Carrier  
  181  15:18  Carrier  
  181  15:19  Nexus  
  187  15:22  Carrier x2  
  199  15:32  Zealot x4  
  192  15:45  Carrier  
  196  15:53  Zealot x2  
  196  15:56  Pylon  
  200  15:58  Pylon  
  198  16:15  Photon Cannon  
  198  16:17  Warp Prism  
  198  16:19  Photon Cannon  
  198  16:23  Assimilator  
  198  16:24  Assimilator  
  196  16:50  Oracle  
  191  17:24  Stalker x2  
Show
View Real Time Build Order
Export as new Build Order

Neeb Protoss 

Build Orders:  

Get SALT Encoding   

  12  0:00  Probe (Chrono Boost)  
  13  0:11  Probe (Chrono Boost)  
  14  0:17  Pylon  
  14  0:22  Probe (Chrono Boost)  
  15  0:35  Probe (Chrono Boost), Gateway  
  16  0:42  Assimilator  
  16  0:45  Probe (Chrono Boost)  
  17  0:50  Assimilator  
  17  0:56  Probe (Chrono Boost)  
  18  1:05  Gateway  
  18  1:07  Probe (Chrono Boost)  
  19  1:17  Probe (Chrono Boost)  
  20  1:22  Cybernetics Core  
  20  1:28  Probe (Chrono Boost)  
  21  1:38  Probe (Chrono Boost)  
  22  1:44  Pylon  
  22  1:49  Probe (Chrono Boost)  
  23  1:59  Warp Gate (Chrono Boost)  
  23  2:02  Mothership Core (Chrono Boost), Adept  
  23  2:04  Adept  
  29  2:15  Pylon  
  29  2:24  Probe  
  30  2:34  Stalker x2  
  34  2:57  Nexus  
  34  3:00  Probe  
  35  3:12  Stargate  
  35  3:13  Probe  
  36  3:21  Pylon  
  36  3:26  Probe  
  37  3:38  Probe  
  38  3:50  Probe  
  38  3:53  Pylon  
  39  4:01  Oracle (Chrono Boost)  
  39  4:02  Probe  
  41  4:09  Probe  
  41  4:12  Robotics Facility  
  41  4:14  Probe  
  43  4:19  Probe  
  44  4:26  Probe  
  44  4:27  Sentry x2  
  44  4:30  Probe  
  49  4:33  Pylon  
  49  4:35  Oracle (Chrono Boost)  
  53  4:38  Probe  
  53  4:40  Probe  
  55  4:50  Probe  
  55  4:51  Probe  
  57  4:58  Assimilator  
  57  4:59  Observer (Chrono Boost)  
  58  5:00  Assimilator  
  58  5:01  Probe  
  58  5:02  Probe  
  60  5:12  Nexus  
  60  5:13  Probe  
  60  5:14  Probe, Pylon  
  60  5:21  Immortal (Chrono Boost)  
  66  5:24  Probe  
  66  5:27  Pylon, Probe  
  68  5:34  Probe  
  68  5:39  Probe  
  70  5:45  Probe  
  71  5:51  Probe  
  71  5:55  Probe  
  72  5:57  Pylon  
  72  6:00  Twilight Council, Forge  
  72  6:01  Immortal (Chrono Boost)  
  72  6:03  Probe  
  78  6:06  Probe  
  78  6:07  Sentry  
  78  6:11  Gateway  
  81  6:14  Gateway  
  81  6:15  Probe  
  81  6:17  Probe  
  83  6:21  Protoss Ground Weapons Level 1  
  83  6:22  Adept  
  83  6:23  Probe  
  86  6:27  Probe  
  86  6:28  Probe  
  86  6:32  Immortal (Chrono Boost)  
  88  6:35  Probe  
  88  6:39  Probe  
  94  6:42  Blink (Chrono Boost)  
  94  6:43  Probe  
  94  6:47  Probe  
  96  6:51  Probe  
  96  6:53  Assimilator  
  97  6:54  Gateway  
  97  6:55  Probe  
  97  6:56  Assimilator  
  97  6:59  Probe  
  97  7:03  Probe  
  97  7:06  Immortal  
  97  7:07  Probe, Gateway  
  97  7:10  Robotics Bay  
  97  7:12  Probe  
  102  7:17  Probe  
  102  7:18  Pylon  
  102  7:20  Robotics Facility  
  103  7:28  Pylon  
  103  7:31  Pylon  
  103  7:32  Photon Cannon  
  103  7:37  Stalker x2  
  103  7:39  Stalker  
  109  7:45  Observer  
  109  7:46  Pylon  
  109  7:51  Pylon  
  110  8:01  Nexus  
  110  8:03  Stalker x2, Pylon  
  110  8:05  Disruptor (Chrono Boost)  
  114  8:08  Disruptor (Chrono Boost)  
  114  8:10  Protoss Ground Weapons Level 2  
  114  8:11  Probe x3  
  123  8:23  Probe x2  
  123  8:25  Gateway  
  125  8:27  Gateway  
  125  8:29  Probe  
  126  8:34  Dark Shrine  
  126  8:40  Pylon  
  131  8:42  Stalker x2  
  135  8:54  Immortal x2 (Chrono Boost)  
  138  9:00  Resonating Glaives  
  138  9:01  Fleet Beacon  
  138  9:02  Assimilator  
  138  9:05  Pylon  
  138  9:08  Assimilator  
  138  9:14  Stargate  
  138  9:16  Stargate  
  138  9:21  Photon Cannon  
  138  9:28  Immortal (Chrono Boost)  
  138  9:29  Immortal (Chrono Boost)  
  152  10:02  Immortal (Chrono Boost)  
  152  10:03  Pylon  
  152  10:04  Pylon  
  152  10:06  Immortal (Chrono Boost)  
  160  10:10  Carrier x2 (Chrono Boost)  
  172  10:15  Carrier (Chrono Boost)  
  178  10:27  Protoss Ground Weapons Level 3  
  171  10:32  Sentry  
  173  10:42  Gateway  
  173  10:43  Graviton Catapult  
  173  10:45  Gateway  
  173  10:50  Protoss Air Weapons Level 1  
  173  11:05  Probe x3  
  173  11:06  Probe  
  173  11:07  Nexus  
  173  11:08  Pylon  
  176  11:14  Photon Cannon  
  176  11:15  Photon Cannon  
  176  11:17  Photon Cannon  
  176  11:18  Photon Cannon  
  188  11:26  Carrier x2 (Chrono Boost)  
  188  11:31  Carrier (Chrono Boost)  
  194  11:50  Dark Templar x3  
  194  11:51  Assimilator  
  194  11:53  Assimilator  
  200  11:55  Photon Cannon  
  200  11:58  Photon Cannon  
  181  12:57  Carrier (Chrono Boost)  
  181  12:58  Carrier (Chrono Boost)  
  193  13:14  Protoss Air Weapons Level 2  
  193  13:15  Stargate  
  193  13:18  Stargate  
  189  13:25  Carrier (Chrono Boost)  
  184  14:06  Nexus  
  182  14:11  Oracle (Chrono Boost)  
  182  14:12  Carrier (Chrono Boost)  
  182  14:15  Observer  
  188  14:23  Oracle (Chrono Boost)  
  197  14:31  Carrier (Chrono Boost)  
  197  14:35  Pylon  
  197  14:38  Pylon, Oracle (Chrono Boost)  
  200  14:43  Protoss Shields Level 1  
  200  14:56  Photon Cannon  
  200  14:59  Photon Cannon  
  200  15:02  Cybernetics Core  
  200  15:06  Assimilator  
  200  15:07  Assimilator  
  166  15:53  Mothership Core, Dark Templar  
  166  15:54  Dark Templar x7  
  166  15:55  Dark Templar x2  
  188  15:59  Oracle (Chrono Boost)  
  188  16:00  Archon x4  
  188  16:02  Archon  
  197  16:04  Carrier x2 (Chrono Boost)  
  197  16:17  Oracle (Chrono Boost)  
  200  16:30  Gateway  
  200  16:33  Gateway  
  200  16:35  Gateway  
  200  16:37  Mothership Core  
  192  16:41  Gateway  
  192  16:42  Gateway  
  192  16:51  Gateway  
Tags
 
Add a new tag
Caveats
  • Supply blocks, unpowered buildings, or Contaminate may cause inaccurate times.
  • Supply counts are checked every 10 seconds.